 Dungeon Crawl Stone Soup version 0.28-a0-1152-g9c71ebef14 (webtiles) character file.

Game seed: 8262332520734545906

5 spaghetti the Sneak (level 1, -3/18 HPs)
             Began as a Mummy Delver on Dec 14, 2021.
             Shot with an arrow by a centaur (13 damage)
             ... on level 5 of the Dungeon.
             The game lasted 00:00:18 (118 turns).

spaghetti the Sneak (Mummy Delver)                   Turns: 118, Time: 00:00:19

Health: -3/18      AC:  4    Str: 15    XL:     1   Next: 66%
Magic:  1/1        EV: 11    Int:  9    God:
Gold:   15         SH:  0    Dex: 13    Spells: 0/0 levels left

rFire   x . .      SeeInvis .   a - +0 falchion {long}
rCold   + . .      Faith    .   (no shield)
rNeg    + + +      Spirit   .   b - +1 leather armour
rPois   ∞          Reflect  .   (no helmet)
rElec   .          Harm     .   (no cloak)
rCorr   .          Rampage  .   (no gloves)
Will    .....                   (no boots)
Stlth   ++........              (no amulet)
HPRegen 0.06/turn               (no ring)
MPRegen 0.07/turn               (no ring)

@: no status effects
A: cold resistance 1, negative energy resistance 3, torment resistance 2, heat
vulnerability 1, no potions
a: no special abilities


You were on level 5 of the Dungeon.
You visited 1 branch of the dungeon, and saw 1 of its levels.

You collected 15 gold pieces.


Innate Abilities, Weirdness & Mutations

You are immune to poison.
Your flesh is cold resistant. (rC+)
You are immune to negative energy. (rN+++)
You are immune to unholy pain and torment.
You are vulnerable to heat. (rF-)
You do not drink.


   Skills:
 + Level 3.4 Fighting
 - Level 1.5 Long Blades
 - Level 1.5 Dodging
 - Level 4.1 Stealth


You couldn't memorise any spells.
You didn't know any spells.
Your spell library was empty.

Inventory:

Hand Weapons
 a - a +0 falchion (weapon) {long}
Missiles
 g - 7 poisoned darts (quivered) {throwing}
Armour
 b - a +1 leather armour (worn)
Wands
 f - a wand of digging (3)
Scrolls
 c - a scroll of fog
 d - a scroll of magic mapping {!r}
 e - 2 scrolls of fear

Dungeon Overview and Level Annotations

Branches:
Dungeon (5/15)
 Temple: D:4-7

Altars:

#.# . #.# . #.# c##
#.# #.. #.# #.# ###
#.### #.#
..###.#.#######†####
#..........†..†.@.(#
..#.....#######.##.#
####...## #... ..
##.## ####.### #.# #
#.# ##+## ##...##
##.....##


You could see a centaur (poisoned).


Message History

You hit the jackal. The jackal bites you.
The jackal barely misses you. 😕 HP[-2]
You take 2 damage, and now have 16/18 hp.
You hit the jackal.
You kill the jackal!
No target in view!
No target in view!
No target in view!
No target in view!
No target in view!
No target in view!
No target in view!
No target in view!
No target in view!
You see here a jackal corpse. 3 jackals come into view.
The jackal barks! x3
The jackal barely misses you. 😎 HP[+2]
Your hp is fully restored (18).
There are monsters nearby!
There are monsters nearby!
You barely miss the jackal. The jackal barely misses you.
You hit the jackal.
You kill the jackal!
The jackal bites you. 😕 HP[-1]
You take 1 damage, and now have 17/18 hp.
You miss the jackal.
The jackal bites you but does no damage.
The jackal completely misses you.
The jackal bites you but does no damage.
The jackal closely misses you.
You hit the jackal. The jackal bites you. x3 😮 HP[-4]
You take 4 damage, and now have 13/18 hp.
MASSIVE DAMAGE!! (PAUSE) Unknown command.
You are too injured to fight recklessly!
You are too injured to fight recklessly!
You are too injured to fight recklessly!
You are too injured to fight recklessly!
You hit the jackal. The jackal barely misses you.
You hit the jackal.
You kill the jackal!
Drop what? 7/52 slots (_ for help) (? for menu, Esc to quit)
Okay, then.
Unknown command.
Throw: 10 darts (poison) {throwing}
Press: ? - help, Q - select action Shift-Dir - straight line, f - jackal
Aim: a jackal (moderately wounded, 50% to hit)
You throw a poisoned dart {throwing}.
The poisoned dart {throwing} hits the jackal.
The jackal bites you but does no damage.
The jackal barely misses you.
Throw: 9 darts (poison) {throwing}
Press: ? - help, Q - select action Shift-Dir - straight line, f/p - jackal
Aim: a jackal (moderately wounded, 50% to hit)
You throw a poisoned dart {throwing}.
The poisoned dart {throwing} closely misses the jackal.
The jackal barely misses you.
Throw: 8 darts (poison) {throwing}
Press: ? - help, Q - select action Shift-Dir - straight line, f/p - jackal
Aim: a jackal (moderately wounded, 50% to hit)
You throw a poisoned dart {throwing}.
The poisoned dart {throwing} barely misses the jackal.
The jackal barely misses you.
Throw: 7 darts (poison) {throwing}
Press: ? - help, Q - select action Shift-Dir - straight line, f/p - jackal
Aim: a jackal (moderately wounded, 50% to hit)
You throw a poisoned dart {throwing}.
The poisoned dart {throwing} hits the jackal.
The jackal is poisoned.
The jackal barely misses you. The jackal closely misses you.
Throw: 6 darts (poison) {throwing}
Press: ? - help, Q - select action Shift-Dir - straight line, f/p - jackal
Aim: a jackal (moderately wounded, poisoned, 50% to hit)
You throw a poisoned dart {throwing}.
The poisoned dart {throwing} hits the jackal.
The jackal bites you but does no damage. 😕 HP[+1]
A jackal is nearby!
You hit the jackal.
You kill the jackal!
g - 8 poisoned darts {throwing} (gained 3)
You see here a jackal corpse.
A centaur comes into view. 😕 HP[+1]
A centaur is nearby!
Throw: 8 darts (poison) {throwing}
Press: ? - help, Q - select action Shift-Dir - straight line, f - centaur
Aim: a centaur, quivering arrows (wandering, hasn't noticed you, 69% to hit)
You throw a poisoned dart {throwing}.
The poisoned dart {throwing} hits the centaur.
The centaur is poisoned.
The centaur shouts!
The centaur wields a +0 shortbow.
The centaur shoots an arrow.
The arrow hits you.
The centaur shoots an arrow.
The arrow hits you!
Ouch! That really hurt!
You die...

Action                   || total
-------------------------++-------
Melee: Falchion          ||    10
Throw: Dart              ||     6
  Use: Scroll            ||     1
Armor: Leather armour    ||     6
Dodge: Dodged            ||    11

Levels and vault maps discovered:
D:5:      layout_loops_corners, serial_shops,
          nicolae_shop_temple_entry_statues_fountains, uniq_menkaure,
          uniq_prince_ribbit1

Notes
Turn   | Place    | Note
-------+----------+-------------------------------------------
     0 | D:5      | spaghetti the Mummy Delver began the quest for the Orb.
     0 | D:5      | Reached XP level 1. HP: 18/18 MP: 1/1
     0 | D:5      | magus.rc [v1.9.6]
   117 | D:5      | Noticed a centaur
   118 | D:5      | Shot with an arrow by a centaur

Vanquished Creatures
  4 jackals (D:5)
4 creatures vanquished.

Table legend:
 A = Non-vault XP
 B = Vault XP
 C = Vault XP percentage of total XP
 D = Non-vault monster count
 E = Vault monster count
 F = Vault count percentage of total count
                 A         B        C        D         E       F
            +---------+---------+-------+---------+---------+-------
      Total |       8 |       0 |   0.0 |       4 |       0 |   0.0
            +---------+---------+-------+---------+---------+-------
        D:5 |       8 |       0 |   0.0 |       4 |       0 |   0.0
            +---------+---------+-------+---------+---------+-------

Illustrated notes

Table legend:
 A = Kills in this place as a percentage of kills in entire the game.
 B = Kills by you in this place as a percentage of kills by you in the entire game.
 C = Kills by friends in this place as a percentage of kills by friends in the entire game.
 D = Other kills in this place as a percentage of other kills in the entire game.
 E = Experience gained in this place as a percentage of experience gained in the entire game.
 F = Experience gained in this place divided by the number of levels of this place that you have seen.
                   A       B       C       D       E      F
               +-------+-------+-------+-------+-------+----------------------
         Total | 100.0 | 100.0 |   N/A |   N/A | 100.0 |   8.0
       Dungeon | 100.0 | 100.0 |   N/A |   N/A | 100.0 |   8.0
               +-------+-------+-------+-------+-------+----------------------

Table legend: (Time is in decaauts)
 A = Elapsed time spent in this place.
 B = Non-inter-level travel time spent in this place.
 C = Inter-level travel time spent in this place.
 D = Time resting spent in this place.
 E = Time spent auto-exploring this place.
 F = Levels seen in this place.
 G = Mean time per level.
                   A        B        C        D        E       F      G
               +--------+--------+--------+--------+--------+-----+--------+
         Total |    120 |    120 |      0 |      0 |     89 |   1 |  120.0 |
       Dungeon |    120 |    120 |      0 |      0 |     89 |   1 |  120.0 |
               +--------+--------+--------+--------+--------+-----+--------+

Top non-repeatable levels by time:
     D:5: 120 daAuts
